 Dungeon Crawl Stone Soup version 0.29-a0-334-gb41bcbb86e (webtiles) character file.

Game seed: 13694581333489536336

2900 spaghetti the Ogre Mage (level 9, -24/88 HPs)
             Began as an Ogre Air Elementalist on Apr 14, 2022.
             Was a Believer of Hepliaklqana.
             Annihilated by a two-headed ogre
             ... wielding a +0 giant spiked club
             ... summoned by an orange crystal statue
              (30 damage)
             ... on level 8 of the Dungeon.
             The game lasted 00:16:22 (9343 turns).

spaghetti the Ogre Mage (Ogre Air Elementalist)     Turns: 9343, Time: 00:16:22

Health: -24/88     AC: 10    Str: 14      XL:     9   Next: 77%
Magic:  0/22       EV: 14    Int: 14 (20) God:    Hepliaklqana [**....]
Gold:   252        SH:  0    Dex:  9      Spells: 22/27 levels left

rFire   x . .      SeeInvis +   e - +9 arbalest of Demonic Guilt {penet, rElec SInv, crossbow}
rCold   + + .      Faith    .   (shield currently unavailable)
rNeg    . . .      Spirit   .   F - +0 ice dragon scales
rPois   .          Reflect  .   (helmet restricted)
rElec   +          Harm     .   (no cloak)
rCorr   .          Rampage  .   (gloves unavailable)
Will    .....                   (boots unavailable)
Stlth   ..........              (no amulet)
HPRegen 0.24/turn               z - +4 ring of evasion
MPRegen 0.18/turn               n - +4 ring of evasion

@: confused, lethally poisoned (-24 -> -26)
A: reduced essence, large, unfitting armour, tough skin 1, talons 1, subdued
magic 1
a: Renounce Religion, Recall Ancestor, Ancestor Identity


You were on level 8 of the Dungeon.
You worshipped Hepliaklqana.
Hepliaklqana was pleased with you.
You visited 2 branches of the dungeon, and saw 9 of its levels.

You collected 340 gold pieces.
You spent 88 gold pieces at shops.


Innate Abilities, Weirdness & Mutations

Your life essence is reduced to manifest your ancestor. (-10% HP)
You are too large for most types of armour.
You have tough skin. (AC +1)
You have sharp toenails.
Your spells are a little easier to cast, but a little less powerful.


   Skills:
 + Level 9.0 Fighting
 - Level 1.7 Dodging
 - Level 1.4 Stealth
 + Level 9.9 Spellcasting
 - Level 0.8 Conjurations
 + Level 6.9 Air Magic


You had 22 spell levels left.
You knew the following spells:

 Your Spells              Type           Power      Damage    Failure   Level
a - Shock                 Conj/Air       52%        1d6       11%         1
b - Airstrike             Air            10%        N/A       32%         4

Your spell library contained the following spells:

 Spells                   Type           Power      Damage    Failure   Level
 Swiftness                Air            20%        N/A       9%          3
 Static Discharge         Conj/Air       13%        N/A       17%         2
 Magic Dart               Conj           28%        1d4       36%         1
 Animate Skeleton         Necr           10%        N/A       50%         1
 Pain                     Necr           20%        1d5       50%         1
 Mephitic Cloud           Conj/Pois/Air  10%        N/A       50%         3
 Searing Ray              Conj           14%        2d5       52%         2
 Call Imp                 Summ           5%         N/A       65%         2
 Vampiric Draining        Necr           5%         2d6       87%         3
 Fulminant Prism          Conj/Hex       3%         3d6       99%         4

Inventory:

Hand Weapons
 e - the +9 arbalest of Demonic Guilt (weapon) {penet, rElec SInv, crossbow}
   (You took it off a centaur on level 5 of the Dungeon)

   Any ammunition fired by it passes through the targets it hits, potentially
   hitting all targets in its path until it reaches maximum range.
   rElec:     It insulates you from electricity.
   SInv:      It lets you see invisible.
 g - a +0 short sword {short}
   (You took it off a kobold on level 1 of the Dungeon)
 r - a +1 hunting sling of freezing {sling}
   (You found it on level 2 of the Dungeon)
 I - the +4 dagger "Eteptauz" {speed, Fly rF- Str+2, short}
   (You found it on level 7 of the Dungeon)

   Attacks with this weapon are significantly faster.
   Str:       It affects your strength (+2).
   rF:        It makes you vulnerable to fire.
   Fly:       It grants you flight.
Missiles
 h - 236 stones {throwing}
 i - 6 javelins {throwing}
 o - 4 curare-tipped darts {=fthrowing}
 w - 24 poisoned darts {throwing}
Armour
 a - a +0 robe
 F - +0 ice dragon scales (worn)
   (You found it on level 5 of the Dungeon)
Magical Staves
 s - a staff of air {!astaff}
   (You found it on level 2 of the Dungeon)
Jewellery
 m - a ring of wizardry
   (You found it on level 4 of the Dungeon)
 n - a +4 ring of evasion (right hand)
   (You found it on level 6 of the Dungeon)
 v - a ring of positive energy
   (You found it on level 2 of the Dungeon)
 z - a +4 ring of evasion (left hand)
   (You found it on level 7 of the Dungeon)
 E - a ring of positive energy
   (You found it on level 5 of the Dungeon)
Scrolls
 c - a scroll of teleportation {@r4}
 j - 4 scrolls of enchant armour
 k - a scroll of torment {!r}
 p - a scroll of silence {!r}
 q - 2 scrolls of enchant weapon
 u - 2 scrolls of noise {!r}
 y - 2 scrolls of amnesia {unknown}
 A - a scroll of magic mapping {unknown}
 B - 4 scrolls of immolation {unknown}
 C - 3 scrolls of vulnerability {unknown}
 G - a scroll of brand weapon {unknown}
 J - a scroll of summoning {unknown}
 L - a scroll of fog {unknown}
Potions
 b - a potion of magic
 f - a potion of ambrosia
 l - 4 potions of curing {unknown}
 t - 3 potions of flight
 x - a potion of cancellation {unknown}
 D - 2 potions of attraction {!q}
 H - 5 potions of berserk rage {unknown}
 K - a potion of experience {unknown}

Dungeon Overview and Level Annotations

Branches:
Dungeon (8/15)             Temple (1/1) D:4
   Lair: D:8-11

Altars:
Ashenzari
Dithmenos
Elyvilon
Gozag
Hepliaklqana
Kikubaaqudgha
Makhleb
Nemelex Xobeh
Okawaru
Qazlal
Ru
Sif Muna
Trog
Uskayaw
Vehumet
Wu Jian
Xom
Yredelemnul
Zin
The Shining One

Shops:
D:5 :*[:!   D:7 :

Annotations:
D:5 2 transporters
D:8 exclusion: orange crystal statue

#.. #.. .# #.# #.# #.#
#.# #.# #.# #.# # #.#
#.# .##
##.#########.####.$.##
##...#..........@O....#
..........###....o..oo.#
##...#.##.# #####...o...
###.##.##.# ..#o... #
#.##.##.# ###


oF8 # #.##<##.# oo # #....##.# $ # #######.# # #.# You could see an orange
crystal statue, a two-headed ogre (summoned), an orc warrior (summoned), a
bullfrog (summoned), 2 orc priests, an orc wizard (summoned) and 4 orcs.


Message History

You regained 4 mp, and now have 4/22 mp.
You feel sick. 😨 HP[+4] MP[+4]
You regained 4 hp, and now have 39/88 hp.
You regained 4 mp, and now have 8/22 mp.
You feel less invigorated.
You feel less confused.
You feel sick. 😨 HP[+3] MP[+4]
You regained 3 hp, and now have 42/88 hp.
You regained 4 mp, and now have 12/22 mp.
You feel sick. 😨 HP[-1]
You take 1 damage, and now have 41/88 hp.
Shoot: e) +9 arbalest of Demonic Guilt {penet, rElec SInv, crossbow}
Press: ? - help, Q - select action, (/) - cycle Shift-Dir - straight line, f - killer bee
Aim: a killer bee (summoned, wandering, hasn't noticed you, 44% to hit)
You shoot a bolt. The bolt closely misses the killer bee.
The killer bee buzzes angrily.
You feel sick. 😨 HP[-2]
You take 2 damage, and now have 39/88 hp.
Shoot: e) +9 arbalest of Demonic Guilt {penet, rElec SInv, crossbow}
Press: ? - help, Q - select action, (/) - cycle Shift-Dir - straight line, p - killer bee
Okay, then.
Really walk into a travel-excluded area? [Y]es or [N]o only, please.
Really walk into a travel-excluded area?
Okay, then.
Really walk into a travel-excluded area?
You feel sick.
The killer bee buzzes angrily.
The orange crystal statue fixes its piercing gaze on you.
Something tries to feed on your intellect!
The killer bee closely misses you.
Unknown command.
Unknown command.
Shoot: e) +9 arbalest of Demonic Guilt {penet, rElec SInv, crossbow}
Press: ? - help, Q - select action, (/) - cycle Shift-Dir - straight line, f - orange crystal statue, p - killer bee
Aim: an orange crystal statue (almost destroyed, 94% to hit)
You shoot a bolt.
The bolt pierces through the orange crystal statue!
You feel sick.
You are no longer poisoned.
The killer bee closely misses you. The killer bee misses you.
The orange crystal statue glitters.
You are confused.
The killer bee misses you.
The killer bee stings you but does no damage.
The orange crystal statue fixes its piercing gaze on you.
Something tries to feed on your intellect!
The killer bee misses you. The killer bee stings you.
* * * LOW HITPOINT WARNING * * *
You are poisoned.
The killer bee poisons you! 😨 HP[-7] MP[+1]
You take 7 damage, and now have 32/88 hp.
Unknown command.
Unknown command.
Non-targeted confused shoot: e) +9 arbalest of Demonic Guilt {penet, rElec SInv, crossbow}
Press: ? - help, Q - select action, (/) - cycle Dir - look around, f - activate Look: an orange crystal statue (almost destroyed)
You shoot a bolt.
You feel very sick. The killer bee closely misses you.
The killer bee barely misses you. The killer bee closely misses you.
The killer bee completely misses you.
The orange crystal statue fixes its piercing gaze on you.
Something tries to feed on your intellect!
The killer bee closely misses you.
The killer bee barely misses you. x2 😨 HP[-4]
You take 4 damage, and now have 28/88 hp.
Unknown command.
Non-targeted confused shoot: e) +9 arbalest of Demonic Guilt {penet, rElec SInv, crossbow}
Press: ? - help, Q - select action, (/) - cycle Dir - look around, f - activate Look: an orange crystal statue (almost destroyed)
You shoot a bolt. The bolt completely misses you.
You feel very sick. The killer bee stings you.
* * * LOW HITPOINT WARNING * * *
The orange crystal statue glitters.
The two-headed ogre barely misses you. x2; The killer bee closely misses you.
The killer bee stings you but does no damage.
The orange crystal statue glitters.
You are more confused. 😱 HP[-8] MP[+1]
You take 8 damage, and now have 20/88 hp.
Unknown command.
Non-targeted confused shoot: e) +9 arbalest of Demonic Guilt {penet, rElec SInv, crossbow}
Press: ? - help, Q - select action, (/) - cycle Dir - look around, f - activate Look: an orange crystal statue (almost destroyed)
You shoot a bolt. The bolt barely misses the killer bee.
You feel sick.
The killer bee dissolves into shadows! x2
The two-headed ogre hits you with a +0 giant spiked club!
* * * LOW HITPOINT WARNING * * *
The two-headed ogre misses you.
The orange crystal statue fixes its piercing gaze on you.
You feel your power leaking away. The two-headed ogre closely misses you.
The two-headed ogre hits you with a +0 giant club!!
You die...

Skill      XL: |  1  2  3  4  5  6  7  8  9 |
---------------+----------------------------+-----
Spellcasting   | 3 4 5 6 7 8 9 |  9.9
Fighting       | 3 5 7 9 |  9.0
Air Magic      | 3 4 5 6 |  6.9
Dodging        | |  1.7
Stealth        | |  1.4
Conjurations   | |  0.8

Action                   |  1- 3 |  4- 6 |  7- 9 || total
-------------------------+-------+-------+-------++-------
Melee: Unarmed           |     8 |       |       ||     8
       Punch             |     1 |     2 |       ||     3
       Short sword       |    12 |    36 |       ||    48
       Staff             |       |     7 |    25 ||    32
       Kick              |       |       |     7 ||     7
 Fire: Arbalest          |       |       |   132 ||   132
 Cast: Shock             |    54 |   123 |    18 ||   195
       Airstrike         |       |     3 |     9 ||    12
Invok: Ancestor Identity |       |       |     1 ||     1
       Ancestor Life: Kn |       |       |     1 ||     1
  Use: Potion            |       |     5 |     9 ||    14
       Scroll            |       |       |     9 ||     9
Armor: Robe              |     8 |    14 |     2 ||    24
       Ice dragon scales |       |       |    97 ||    97
Dodge: Dodged            |     9 |    28 |   126 ||   163

Levels and vault maps discovered:
D:1:      tarquinn_simple_flora_water_a, layout_loops_ring, serial_rivers,
          chequers_serial_rivers_micro_d, chequers_serial_rivers_micro_d,
          chequers_serial_rivers_large_b, chequers_serial_rivers_small_b
D:2:      layout_loops_ring, serial_forest, infiniplex_forest_clump_diagonal,
          infiniplex_forest_clump_small, infiniplex_forest_clump_tiny,
          infiniplex_forest_lined_room_2, infiniplex_forest_clump_C,
          infiniplex_forest_zigzag_1, infiniplex_forest_clump_C,
          infiniplex_forest_pool, infiniplex_forest_corner_1,
          infiniplex_forest_clump_small, st_stairs_4, uniq_jessica
D:3:      layout_basic, dreamdust_divine_triumvirate, mainiacjoe_overflow_paths
D:4:      layout_loops_ring, lemuel_crystal_altar,
          nicolae_sif_muna_little_library, minmay_temple_entry_ruins,
          chequers_ossuary_entry_cave
D:5:      layout_rooms, general_overflow_altar, gammafunk_temple_overflow_arena,
          serial_shops, shop, hangedman_abyss_or_decor_stagger,
          chequers_serial_rivers_small_3, nicolae_wooded_promenade
D:6:      layout_cave_pods, nicolae_vehumet_altar_sigil
D:7:      layout_loops_corners, mainiacjoe_overflow_cross_hatched, serial_shops,
          nicolae_shop_advertising_works [nicolae_subvault_shop_adworks],
          sword_in_stone
D:8:      minmay_separated_statues, layout_loops_ring, slow_altar_1
Temple:   dpeg_chambers_temple

Notes
Turn   | Place    | Note
-------+----------+-------------------------------------------
     0 | D:1      | spaghetti the Ogre Air Elementalist began the quest for the
                  | Orb.
     0 | D:1      | Reached XP level 1. HP: 16/16 MP: 3/3
     0 | D:1      | magus.rc [v1.9.6]
   379 | D:1      | Reached skill level 3 in Spellcasting
   390 | D:1      | Reached XP level 2. HP: 22/24 MP: 0/6
   940 | D:1      | Reached XP level 3. HP: 31/31 MP: 6/8
  1031 | D:1      | Reached skill level 4 in Spellcasting
  1237 | D:2      | Noticed Jessica
  1243 | D:2      | Killed Jessica
  1423 | D:2      | Reached XP level 4. HP: 39/39 MP: 4/10
  1971 | D:2      | You pick up a book of Minor Magic and begin reading...
  1971 | D:2      | You add the spells Magic Dart, Call Imp and Mephitic Cloud
                  | to your library.
  2045 | D:2      | Reached skill level 5 in Spellcasting
  2542 | D:3      | Found a hide-covered altar of Uskayaw.
  2905 | D:3      | Found a white marble altar of Elyvilon.
  2906 | D:3      | Found a glowing golden altar of the Shining One.
  2906 | D:3      | Found a glowing silver altar of Zin.
  3369 | D:4      | Reached XP level 5. HP: 40/45 MP: 3/13
  3395 | D:4      | Noticed a steam dragon
  3452 | D:4      | Found a sand-covered staircase.
  3564 | D:4      | Reached skill level 6 in Spellcasting
  3564 | D:4      | HP: 10/45 [poisoned by a scorpion]
  3807 | D:4      | Found an opulent altar of Gozag.
  3874 | D:4      | Found a staircase to the Ecumenical Temple.
  3903 | D:4      | Reached XP level 6. HP: 53/53 MP: 10/15
  3958 | Temple   | Entered the Ecumenical Temple
  4186 | Temple   | Became a worshipper of Hepliaklqana the Forgotten
  4359 | D:4      | Reached skill level 1 in Fighting
  4359 | D:4      | Reached skill level 7 in Spellcasting
  4359 | D:4      | Reached skill level 3 in Air Magic
  4508 | D:5      | Entered Level 5 of the Dungeon
  4549 | D:5      | HP: 8/55 [centaur/arrow (15)]
  4896 | D:3      | Learned a level 4 spell: Airstrike
  4900 | D:4      | Killed a steam dragon
  4901 | D:4      | Reached skill level 3 in Fighting
  4901 | D:4      | Reached XP level 7. HP: 62/67 MP: 4/17
  4995 | D:4      | You pick up a book of Necromancy and begin reading...
  4995 | D:4      | You add the spells Pain, Animate Skeleton and Vampiric
                  | Draining to your library.
  5166 | D:4      | Found a shimmering blue altar of Sif Muna.
  5541 | D:5      | Reached skill level 4 in Air Magic
  5543 | D:5      | Identified the +9 arbalest of Demonic Guilt {penet, rElec
                  | SInv}
  5669 | D:5      | Reached skill level 4 in Fighting
  5721 | D:5      | Found Ruosmidgh's Book Boutique.
  5735 | D:5      | HP: 12/70 [centaur/bolt (12)]
  5739 | D:5      | HP: 5/70 [centaur/bolt (3)]
  5742 | D:5      | Gained mutation: You are frail. (-10% HP) [potion of
                  | mutation]
  5742 | D:5      | Gained mutation: You have a somewhat thin skeletal
                  | structure. (Dex +2, Stealth+) [potion of mutation]
  6052 | D:5      | Found Ocaotsou's Antique Armour Boutique.
  6053 | D:5      | Found Lonnaa's Distillery.
  6053 | D:5      | Found Focesapt's Book Emporium.
  6054 | D:5      | Found Jamupaem's General Store.
  6058 | D:5      | Bought a potion of mutation for 88 gold pieces
  6058 | D:5      | Lost mutation: You have a somewhat thin skeletal structure.
                  | (Dex +2, Stealth+) [potion of mutation]
  6058 | D:5      | Lost mutation: You are frail. (-10% HP) [potion of
                  | mutation]
  6058 | D:5      | Gained mutation: You occasionally shout uncontrollably at
                  | your foes. [potion of mutation]
  6059 | D:5      | Lost mutation: You occasionally shout uncontrollably at
                  | your foes. [potion of mutation]
  6059 | D:5      | Gained mutation: You are weak. (Str -2) [potion of
                  | mutation]
  6059 | D:5      | Gained mutation: You have hidden genetic defects. [potion
                  | of mutation]
  6059 | D:5      | Gained mutation: You have terrible hidden genetic defects.
                  | [potion of mutation]
  6060 | D:5      | Lost mutation: You have terrible hidden genetic defects.
                  | [potion of mutation]
  6060 | D:5      | Lost mutation: You are weak. (Str -2) [potion of mutation]
  6060 | D:5      | Gained mutation: Your spells are a little easier to cast,
                  | but a little less powerful. [potion of mutation]
  6060 | D:5      | Gained mutation: Your mind is acute. (Int +2) [potion of
                  | mutation]
  6060 | D:5      | Gained mutation: You possess an exceptional clarity of
                  | mind. [potion of mutation]
  6061 | D:5      | Lost mutation: You possess an exceptional clarity of mind.
                  | [potion of mutation]
  6061 | D:5      | Lost mutation: You have hidden genetic defects. [potion of
                  | mutation]
  6061 | D:5      | Lost mutation: Your mind is acute. (Int +2) [potion of
                  | mutation]
  6061 | D:5      | Gained mutation: You have sharp toenails. [potion of
                  | mutation]
  6061 | D:5      | Gained mutation: Your spells are easier to cast, but less
                  | powerful. [potion of mutation]
  6061 | D:5      | Lost mutation: Your spells are easier to cast, but less
                  | powerful. [potion of mutation]
  6392 | D:5      | Noticed a yak
  6394 | D:5      | Found a transporter.
  6395 | D:5      | Noticed a vampire
  6396 | D:5      | Noticed a yak
  6407 | D:5      | You pick up a book of Conjurations {@e2} and begin
                  | reading...
  6407 | D:5      | You add the spells Searing Ray and Fulminant Prism to your
                  | library.
  6410 | D:5      | Found a sacrificial altar of Ru.
  6415 | D:5      | Found an ornate altar of the Wu Jian Council.
  6442 | D:5      | Found a transporter.
  6719 | D:6      | Reached * piety under Hepliaklqana
  6754 | D:6      | Reached skill level 5 in Fighting
  6754 | D:6      | Reached XP level 8. HP: 68/72 MP: 19/19
  6906 | D:6      | Reached skill level 8 in Spellcasting
  6944 | D:6      | Reached skill level 5 in Air Magic
  6973 | D:6      | Reached skill level 6 in Fighting
  7086 | D:6      | Noticed a hornet
  7089 | D:6      | Killed a hornet
  7142 | D:6      | Reached skill level 7 in Fighting
  7268 | D:6      | Found a radiant altar of Vehumet.
  7405 | D:6      | Reached XP level 9. HP: 83/83 MP: 21/21
  7413 | D:6      | Reached skill level 9 in Spellcasting
  7782 | D:6      | Reached ** piety under Hepliaklqana
  7783 | D:6      | Remembered your ancestor Joe Momma as a knight
  7860 | D:7      | Identified the +4 dagger "Eteptauz" {speed, Fly rF- Str+2}
  7957 | D:7      | Reached skill level 6 in Air Magic
  7978 | D:7      | Found Epay's Book Emporium.
  8014 | D:7      | Reached skill level 8 in Fighting
  8281 | D:7      | HP: 15/86 [orc warrior/+0 long sword (15)]
  8285 | D:7      | HP: 2/86 [orc warrior/+0 long sword (7)]
  8325 | D:7      | Noticed Eustachio
  8658 | D:7      | Noticed Blork the orc
  8664 | D:7      | Killed Blork the orc
  8670 | D:7      | Killed Eustachio
  8806 | D:7      | Found a broken altar of Ashenzari.
  9277 | D:8      | Reached skill level 9 in Fighting
  9321 | D:8      | Noticed an orange crystal statue
  9327 | D:8      | Noticed a two-headed ogre
  9342 | D:8      | HP: 20/88 [killer bee[an orange crystal statue] (5)]
  9343 | D:8      | HP: 6/88 [two-headed ogre/+0 giant spiked club[an orange
                  | crystal statue] (13)]
  9343 | D:8      | Annihilated by a two-headed ogre

Vanquished Creatures
  A hornet (D:6)
  Eustachio (D:7)
  2 steam dragons
  2 water moccasins (D:6)
  An orc warrior (D:7)
  2 sky beasts
  2 black bears
  An ogre (D:6)
  A centaur (D:5)
  A phantom (D:6)
  Blork the orc (D:7)
  A kobold brigand (D:6)
  A bullfrog (D:8)
  2 scorpions
  A necrophage (D:4)
  A wight (D:7)
  2 hounds
  A jelly (D:5)
  Jessica (D:2)
  4 iguanas
  2 orc wizards (D:5)
  3 adders
  5 gnolls
  3 shadow imps
  2 ufetubi
  2 worms
  A dart slug (D:4)
  5 orcs
  6 ball pythons
  4 bats
  10 endoplasms
  2 giant cockroaches
  6 goblins
  12 hobgoblins
  5 jackals
  3 quokkas
  5 frilled lizards
  8 kobolds
  6 rats
119 creatures vanquished.

Vanquished Creatures (collateral kills)
  A black bear (D:6)
  A phantom (D:7)
  A gnoll sergeant (D:7)
  A scorpion (D:7)
  3 wights (D:7)
  A jelly (D:7)
  An iguana (D:6)
9 creatures vanquished.

Vanquished Creatures (others)
  2 knights
  2 ancestors (D:6)
  9 plants (D:2)
13 creatures vanquished.

Grand Total: 141 creatures vanquished

Table legend:
 A = Non-vault XP
 B = Vault XP
 C = Vault XP percentage of total XP
 D = Non-vault monster count
 E = Vault monster count
 F = Vault count percentage of total count
                 A         B        C        D         E       F
            +---------+---------+-------+---------+---------+-------
      Total |    3512 |     631 |  15.2 |     120 |       8 |   6.2
            +---------+---------+-------+---------+---------+-------
        D:1 |      40 |       0 |   0.0 |      23 |       0 |   0.0
        D:2 |      27 |      40 |  59.7 |      15 |       3 |  16.7
        D:3 |      49 |       0 |   0.0 |      15 |       0 |   0.0
        D:4 |     496 |       0 |   0.0 |      20 |       0 |   0.0
        D:5 |     479 |       0 |   0.0 |      15 |       0 |   0.0
        D:6 |    1368 |       0 |   0.0 |      20 |       0 |   0.0
        D:7 |     949 |     591 |  38.4 |      10 |       5 |  33.3
        D:8 |     104 |       0 |   0.0 |       2 |       0 |   0.0
            +---------+---------+-------+---------+---------+-------

Illustrated notes

Table legend:
 A = Kills in this place as a percentage of kills in entire the game.
 B = Kills by you in this place as a percentage of kills by you in the entire game.
 C = Kills by friends in this place as a percentage of kills by friends in the entire game.
 D = Other kills in this place as a percentage of other kills in the entire game.
 E = Experience gained in this place as a percentage of experience gained in the entire game.
 F = Experience gained in this place divided by the number of levels of this place that you have seen.
                   A       B       C       D       E      F
               +-------+-------+-------+-------+-------+----------------------
         Total | 100.0 | 100.0 | 100.0 |   N/A | 100.0 | 460.3
       Dungeon | 100.0 | 100.0 | 100.0 |   N/A | 100.0 | 517.9
               +-------+-------+-------+-------+-------+----------------------

Table legend: (Time is in decaauts)
 A = Elapsed time spent in this place.
 B = Non-inter-level travel time spent in this place.
 C = Inter-level travel time spent in this place.
 D = Time resting spent in this place.
 E = Time spent auto-exploring this place.
 F = Levels seen in this place.
 G = Mean time per level.
                   A        B        C        D        E       F      G
               +--------+--------+--------+--------+--------+-----+--------+
         Total |   9500 |   9267 |    233 |   1117 |   7177 |   9 | 1055.6 |
       Dungeon |   9244 |   9038 |    206 |   1117 |   6964 |   8 | 1155.5 |
        Temple |    255 |    228 |     27 |      0 |    213 |   1 |  255.0 |
               +--------+--------+--------+--------+--------+-----+--------+

Top non-repeatable levels by time:
     D:4: 1547 daAuts
     D:5: 1470 daAuts
     D:7: 1447 daAuts
     D:1: 1266 daAuts
     D:6: 1185 daAuts
     D:3: 1128 daAuts
     D:2: 1090 daAuts
  Temple: 255 daAuts
     D:8: 109 daAuts
